Map: King's Cove LE

Players

Namshar

  • Race: Zerg Zerg
  • Spawn Location: 5:00

Kas - Winner!

  • Race: Terran Terran
  • Spawn Location: 11:00

Event: 2019 WCS Spring

VOD

Have the link to the VOD?

Description

Time

  • Played on: May 17, 2019, 10:31 a.m.
  • Length: 28:35

All games in this series

Show
View Real Time Build Order
Export as new Build Order

Namshar Zerg 

Build Orders: Hatch First, Roach Hydra 

Get SALT Encoding   

  12  0:00  Drone  
  13  0:12  Overlord  
  13  0:18  Drone  
  14  0:31  Drone x2  
  16  0:48  Hatchery  
  15  0:52  Drone  
  15  0:55  Drone  
  17  0:59  Drone  
  18  1:08  Extractor  
  17  1:14  Spawning Pool  
  17  1:18  Drone  
  17  1:21  Drone  
  18  1:28  Drone  
  19  1:39  Drone  
  20  1:49  Overlord  
  20  2:01  Queen x2  
  20  2:02  Zergling x4  
  26  2:11  Drone  
  26  2:12  Metabolic Boost  
  26  2:14  Drone  
  28  2:22  Drone x2  
  30  2:31  Overlord  
  30  2:36  Queen  
  32  2:45  Overlord  
  32  2:47  Drone x2  
  34  2:55  Drone x2  
  36  3:13  Hatchery  
  36  3:16  Queen  
  36  3:17  Drone x3  
  36  3:19  Drone  
  41  3:22  Drone  
  41  3:23  Drone  
  41  3:26  Drone  
  44  3:31  Overlord  
  44  3:38  Drone  
  44  3:40  Drone  
  46  3:45  Roach Warren  
  46  3:47  Drone x3  
  48  3:49  Queen  
  50  3:56  Overlord  
  50  4:00  Drone  
  50  4:01  Drone  
  52  4:03  Drone x2  
  52  4:06  Zergling x2  
  52  4:08  Lair  
  52  4:09  Spore Crawler  
  54  4:11  Extractor  
  54  4:12  Drone  
  54  4:15  Spore Crawler  
  53  4:19  Zergling x2  
  53  4:25  Roach x3  
  53  4:27  Overlord  
  59  4:34  Drone x4  
  59  4:36  Spore Crawler  
  62  4:42  Drone  
  62  4:43  Overlord, Drone  
  62  4:44  Drone  
  65  4:58  Roach  
  67  5:00  Drone x5  
  67  5:04  Zergling x2  
  67  5:05  Overlord  
  67  5:06  Drone x2  
  67  5:07  Drone x2  
  77  5:08  Overseer  
  77  5:21  Drone x6  
  77  5:22  Extractor  
  77  5:24  Queen  
  77  5:25  Extractor  
  82  5:34  Drone x4  
  85  5:38  Evolution Chamber x2  
  83  5:43  Drone x3  
  83  5:45  Drone  
  83  5:47  Extractor  
  84  5:54  Hatchery  
  84  5:56  Extractor  
  82  5:58  Drone x2  
  82  5:59  Drone  
  82  6:00  Drone x2  
  82  6:03  Overlord x4  
  87  6:08  Zerg Missile Weapons Level 1, Zerg Ground Armor Level 1  
  87  6:12  Roach  
  87  6:17  Infestation Pit  
  88  6:19  Hydralisk Den  
  88  6:24  Drone x2  
  88  6:25  Drone x2  
  88  6:33  Drone  
  88  6:34  Spore Crawler  
  88  6:37  Extractor  
  88  6:39  Drone  
  87  6:42  Extractor  
  87  6:43  Roach x4  
  87  6:44  Zergling x4  
  87  6:46  Glial Reconstitution  
  97  6:48  Overlord  
  97  6:49  Spore Crawler, Muscular Augments  
  97  6:50  Drone  
  97  6:51  Drone x5  
  97  6:53  Overseer  
  102  7:13  Spore Crawler  
  102  7:15  Roach x4  
  109  7:19  Drone x3  
  109  7:20  Drone  
  109  7:21  Hive  
  109  7:22  Overlord  
  113  7:24  Ravager  
  113  7:29  Roach x3  
  120  7:31  Drone  
  120  7:41  Roach x2  
  121  7:47  Overlord x2  
  121  7:48  Drone x5  
  126  7:56  Roach x9  
  144  7:58  Overlord x2  
  144  8:00  Grooved Spines  
  144  8:10  Overlord, Hatchery  
  144  8:11  Zerg Missile Weapons Level 2  
  143  8:13  Zerg Ground Armor Level 2  
  143  8:18  Roach x3  
  149  8:28  Roach  
  149  8:29  Roach x5  
  167  8:46  Queen  
  167  8:47  Drone  
  167  8:48  Drone x2  
  170  8:50  Overlord  
  170  8:51  Overlord, Viper x4  
  166  8:56  Viper  
  166  8:57  Viper  
  166  9:00  Queen  
  174  9:13  Hydralisk x8  
  174  9:16  Viper  
  193  9:21  Drone x4  
  197  9:27  Extractor  
  197  9:30  Extractor  
  195  9:34  Hydralisk x2  
  195  9:37  Ravager  
  196  9:50  Hydralisk  
  196  9:51  Hydralisk  
  200  10:01  Spire  
  200  10:02  Overseer  
  199  10:15  Spore Crawler, Spine Crawler  
  199  10:17  Hydralisk x2  
  199  10:18  Spine Crawler x2  
  185  10:36  Drone x3  
  180  10:52  Hydralisk x12  
  178  11:03  Viper x2  
  184  11:09  Hydralisk x5  
  184  11:10  Overlord x2  
  189  11:12  Zerg Ground Armor Level 3, Zerg Missile Weapons Level 3  
  189  11:14  Drone  
  190  11:18  Greater Spire  
  190  11:32  Pneumatized Carapace, Overseer x2  
  190  11:33  Burrow  
  190  11:56  Hydralisk x6  
  200  12:11  Hatchery  
  180  12:25  Hatchery, Viper x4  
  180  12:28  Drone  
  180  12:29  Spire  
  182  12:30  Zerg Flyer Weapons Level 1  
  182  12:50  Corruptor x2  
  182  12:51  Corruptor x7  
  196  13:09  Drone x4  
  200  13:22  Extractor  
  200  13:23  Extractor, Zergling x2  
  200  13:24  Spore Crawler, Spine Crawler  
  200  13:25  Spine Crawler  
  200  13:26  Spine Crawler  
  195  13:35  Overseer x2  
  193  13:47  Zerg Flyer Armor Level 1  
  193  13:49  Zerg Melee Weapons Level 1  
  193  13:50  Brood Lord  
  193  13:51  Brood Lord x2  
  194  14:21  Queen  
  194  14:23  Zerg Flyer Weapons Level 2  
  194  14:29  Drone  
  194  14:30  Drone x2  
  195  14:44  Drone x2  
  195  14:45  Drone x5  
  191  15:23  Brood Lord x4  
  189  15:39  Corruptor x3, Brood Lord x2  
  195  15:53  Zerg Flyer Armor Level 2  
  195  15:54  Zerg Melee Weapons Level 2  
  195  16:00  Corruptor x2  
  199  16:13  Pathogen Glands  
  197  16:36  Brood Lord x3  
  197  16:37  Brood Lord  
  195  16:40  Corruptor  
  195  16:41  Corruptor x2  
  195  16:48  Zerg Flyer Weapons Level 3  
  195  16:54  Corruptor x2  
  199  17:09  Neural Parasite  
  199  17:20  Overseer x2  
  199  17:22  Overseer x2  
  197  17:40  Queen  
  197  17:43  Queen  
  196  17:50  Overlord x2  
  196  17:51  Overlord  
  191  17:55  Corruptor x3  
  180  18:07  Overseer  
  180  18:09  Queen  
  165  18:18  Viper x3  
  174  18:37  Spore Crawler  
  174  18:38  Spore Crawler x2, Viper x2, Brood Lord x2  
  174  18:39  Spore Crawler  
  174  18:40  Hatchery  
  174  18:41  Spore Crawler  
  178  18:56  Corruptor x4  
  178  18:57  Corruptor x2  
  178  19:00  Brood Lord x2  
  178  19:01  Zerg Flyer Armor Level 3  
  178  19:02  Zerg Melee Weapons Level 3  
  194  19:05  Drone x3  
  194  19:06  Drone x2  
  195  19:24  Drone  
  195  19:25  Drone x3  
  197  20:22  Hatchery  
  196  20:34  Spore Crawler  
  196  20:35  Spore Crawler x2  
  189  20:36  Spore Crawler, Corruptor x2  
  191  21:02  Queen  
  191  21:03  Queen  
  177  21:07  Viper  
  177  21:08  Viper x2  
  169  21:21  Queen  
  169  21:23  Queen  
  169  21:24  Corruptor x3  
  165  21:26  Queen  
  165  21:28  Corruptor x5  
  177  21:37  Hydralisk x10  
  177  21:42  Hydralisk x2  
  164  21:48  Hydralisk x25  
  176  21:56  Overlord  
  176  21:57  Hydralisk  
  185  22:04  Drone x3  
  185  22:05  Drone  
  185  22:06  Drone x7  
  183  22:18  Hydralisk  
  183  22:19  Zergling x4  
  173  22:31  Viper  
  173  22:32  Viper x5  
  191  22:42  Drone x3  
  179  23:23  Infestor x2  
  179  23:24  Infestor x8  
  196  23:38  Infestor x2  
  196  23:40  Extractor x2  
  198  23:48  Spore Crawler  
  198  23:51  Spine Crawler x2  
  198  23:52  Zergling x8, Spine Crawler  
  198  23:53  Zergling x4  
  193  24:07  Queen  
  159  24:32  Zergling x16  
  159  24:33  Zergling x18  
  173  24:48  Extractor  
  162  24:53  Hydralisk x5  
  162  24:54  Hydralisk x3  
  171  25:04  Hatchery  
  130  25:19  Hydralisk x9  
  138  25:31  Hydralisk, Zergling x20  
  138  25:32  Zergling x14  
  157  25:41  Zergling x2  
  157  25:42  Zergling x4  
  160  25:48  Extractor  
  160  25:49  Extractor  
  149  25:59  Hydralisk x2  
  149  26:00  Hydralisk  
  149  26:01  Queen, Zergling x10  
  149  26:02  Queen  
  149  26:04  Hatchery  
  160  26:05  Queen  
  160  26:06  Queen  
  154  26:12  Hydralisk  
  154  26:13  Zergling x14  
  154  26:17  Queen  
  154  26:29  Hydralisk x2  
  142  26:37  Drone x2  
  142  26:38  Drone x13  
  154  26:45  Drone x3  
  157  26:52  Hydralisk x2  
  157  26:53  Hydralisk  
  163  26:54  Overlord x2  
  163  27:11  Extractor  
  158  27:18  Hatchery  
  154  27:23  Hydralisk x5  
  154  27:24  Hydralisk  
  154  27:25  Overlord x2  
  148  27:52  Hydralisk x4  
  148  27:56  Hydralisk  
  148  27:57  Zergling x26  
  142  28:01  Drone x3  
  143  28:11  Roach x5  
  135  28:15  Roach  
Show
View Real Time Build Order
Export as new Build Order

Kas Terran - Winner!

Build Orders: Gas First Reaper Expand, Mech, Banshee Rush 

Get SALT Encoding   

  12  0:00  SCV  
  13  0:12  SCV  
  14  0:18  Supply Depot  
  14  0:25  SCV  
  15  0:31  Refinery  
  15  0:40  SCV  
  16  0:46  Barracks  
  16  0:52  SCV  
  17  1:04  SCV  
  18  1:16  SCV  
  19  1:33  Reaper  
  19  1:34  Orbital Command  
  20  1:45  Command Center  
  20  1:56  Factory  
  20  2:00  SCV  
  21  2:10  Barracks Reactor  
  21  2:12  SCV  
  22  2:17  Supply Depot  
  22  2:24  SCV  
  22  2:25  Refinery  
  23  2:39  SCV  
  24  2:47  Starport  
  24  2:51  SCV  
  24  2:52  Hellion x2  
  24  2:58  Orbital Command  
  29  3:01  Barracks Tech Lab  
  29  3:07  SCV  
  30  3:17  Hellion x2  
  34  3:25  SCV  
  34  3:26  SCV  
  36  3:31  Cloaking Field  
  36  3:37  Banshee  
  36  3:39  SCV x2  
  41  3:43  Supply Depot  
  41  3:44  Marine  
  41  3:47  Marine  
  43  3:52  SCV  
  43  3:53  SCV  
  43  3:54  Factory Tech Lab  
  45  4:04  SCV  
  45  4:05  SCV, Supply Depot, Marine x2  
  49  4:13  Siege Tank  
  52  4:18  SCV  
  53  4:25  SCV  
  53  4:27  Banshee  
  53  4:30  Command Center  
  57  4:33  SCV  
  58  4:40  SCV  
  58  4:44  Supply Depot, Refinery  
  59  4:45  Refinery  
  59  4:47  Supply Depot  
  59  4:56  SCV  
  60  5:00  SCV  
  60  5:02  Factory  
  60  5:03  Factory  
  59  5:08  SCV  
  59  5:09  Hellion x2  
  64  5:14  SCV  
  64  5:21  SCV  
  66  5:29  SCV  
  66  5:32  Factory  
  66  5:33  Hellion x2  
  66  5:34  SCV  
  66  5:35  Factory  
  72  5:42  Armory  
  72  5:45  SCV  
  72  5:46  Orbital Command  
  73  5:56  SCV  
  77  5:57  Cyclone  
  77  5:59  Hellion x2  
  81  6:05  SCV  
  81  6:06  Cyclone, Orbital Command  
  81  6:08  Mag-Field Accelerator  
  81  6:11  SCV  
  86  6:15  Supply Depot  
  86  6:23  Hellion, Supply Depot  
  86  6:24  SCV x2, Supply Depot  
  90  6:36  SCV x3  
  93  6:41  Command Center  
  93  6:44  Terran Vehicle And Ship Armor Level 1  
  93  6:48  SCV x2  
  93  6:49  Cyclone  
  93  6:50  Factory Reactor, Factory Tech Lab  
  93  6:52  Cyclone  
  93  6:53  SCV  
  102  6:58  Refinery  
  102  7:00  SCV, Refinery  
  103  7:13  Cyclone  
  103  7:14  Hellion x2  
  110  7:16  SCV  
  110  7:21  Cyclone  
  110  7:22  Supply Depot x2  
  114  7:24  SCV x2, Supply Depot  
  114  7:25  Engineering Bay  
  116  7:35  Infernal Pre-Igniter  
  116  7:37  SCV  
  116  7:43  SCV, Cyclone  
  121  7:45  Cyclone  
  121  7:46  Hellion x3  
  121  7:47  Hellion  
  121  7:48  SCV  
  133  7:53  Cyclone  
  133  7:55  Starport Reactor  
  133  7:58  Fusion Core, Starport  
  136  8:00  SCV x2  
  136  8:02  Supply Depot  
  136  8:04  Supply Depot  
  138  8:05  SCV  
  138  8:11  Planetary Fortress  
  138  8:12  SCV  
  140  8:13  SCV  
  140  8:18  SCV  
  142  8:20  Liberator  
  142  8:21  Cyclone x2  
  142  8:24  SCV  
  142  8:25  SCV  
  150  8:29  Liberator  
  150  8:30  SCV  
  140  8:36  SCV, Cyclone  
  140  8:37  SCV  
  140  8:41  Hellion x4  
  132  8:46  Starport Tech Lab  
  134  8:49  SCV, Refinery  
  134  8:52  SCV  
  134  8:53  Hellion, Refinery  
  138  8:59  Missile Turret  
  138  9:00  Missile Turret, Sensor Tower, Terran Vehicle And Ship Armor Level 2  
  139  9:02  SCV  
  139  9:03  SCV  
  140  9:10  Advanced Ballistics, Cyclone  
  140  9:18  Cyclone  
  140  9:22  Command Center  
  143  9:30  SCV x2  
  145  9:34  Factory  
  145  9:35  Factory, Liberator  
  145  9:37  Factory  
  145  9:42  Liberator  
  145  9:44  Liberator  
  143  9:48  Cyclone x2  
  152  9:53  SCV  
  152  9:54  SCV x2  
  152  9:55  SCV  
  159  10:03  Missile Turret x2  
  162  10:10  Armory, Cyclone  
  162  10:13  Hellion  
  162  10:14  Hellion x2  
  171  10:16  Supply Depot  
  171  10:17  Supply Depot  
  171  10:22  Hellion  
  171  10:24  Command Center  
  169  10:29  Cyclone x2  
  169  10:31  Factory Reactor, Factory Tech Lab x2  
  149  10:44  Cyclone  
  149  10:47  Hellion x2  
  150  10:50  Cyclone  
  136  11:01  Cyclone x2, Factory Tech Lab x2  
  133  11:11  Command Center  
  133  11:13  Terran Vehicle Weapons Level 1  
  133  11:16  Cyclone  
  133  11:18  SCV x4, Missile Turret  
  140  11:21  Missile Turret  
  140  11:22  Cyclone  
  140  11:25  Cyclone x2  
  149  11:30  SCV, Terran Vehicle And Ship Armor Level 3  
  150  11:33  Cyclone  
  150  11:34  Hellion x2  
  150  11:36  Hellion  
  160  11:41  Planetary Fortress, Sensor Tower  
  160  11:43  SCV x2  
  160  11:44  SCV  
  163  11:47  Liberator  
  163  11:52  Cyclone  
  166  11:58  SCV x5  
  172  12:05  Missile Turret, Thor  
  173  12:09  Liberator x2  
  173  12:12  Missile Turret x2  
  157  12:27  Cyclone  
  157  12:28  Cyclone  
  157  12:29  Orbital Command x2, Refinery  
  158  12:30  Refinery  
  158  12:35  Thor  
  158  12:36  Command Center  
  164  12:41  Command Center  
  164  12:43  Thor  
  170  12:49  Thor  
  176  12:56  Thor  
  174  13:07  Hellion  
  174  13:08  Hellion x3  
  176  13:13  Command Center  
  176  13:15  Terran Vehicle Weapons Level 2  
  176  13:16  Command Center  
  176  13:18  Liberator x2  
  176  13:26  Cyclone x2  
  182  13:32  Thor  
  194  13:46  Starport x2  
  194  13:49  Orbital Command  
  194  13:55  Command Center  
  194  14:01  Thor  
  197  14:04  Thor, Command Center, Liberator  
  197  14:05  Liberator  
  197  14:07  Terran Ship Weapons Level 1  
  179  14:23  Thor x2  
  197  14:24  Missile Turret  
  197  14:27  Orbital Command  
  197  14:30  Orbital Command  
  194  14:37  Missile Turret  
  194  14:42  Thor  
  200  14:47  Starport Reactor  
  200  14:48  Starport Reactor  
  200  14:55  Starport  
  200  14:56  Starport  
  200  14:57  Planetary Fortress  
  200  14:59  Starport  
  197  15:06  Viking  
  199  15:13  Refinery  
  193  15:22  Thor  
  193  15:27  Orbital Command  
  193  15:40  Refinery  
  193  15:42  Command Center  
  193  15:49  Viking x2  
  134  15:50  Viking, Starport Reactor  
  197  15:51  Starport Reactor  
  197  15:52  Terran Vehicle Weapons Level 3  
  197  15:55  Orbital Command  
  199  16:03  Missile Turret  
  199  16:09  Missile Turret  
  199  16:22  Sensor Tower  
  199  16:23  Missile Turret  
  198  16:30  Viking  
  198  16:31  Viking  
  198  16:32  Viking  
  196  16:41  Viking x2, Missile Turret  
  196  16:45  Terran Ship Weapons Level 2  
  195  17:00  Missile Turret  
  195  17:01  Viking x2  
  199  17:22  Planetary Fortress  
  199  17:25  Refinery  
  199  17:29  Missile Turret x2  
  195  17:42  Liberator  
  195  17:43  Liberator x2  
  173  18:00  Viking x9  
  173  18:02  Thor x2  
  199  18:12  Thor x2  
  184  18:13  Thor x2  
  184  18:19  Hellion x2  
  188  18:25  Hellion x2  
  192  18:30  Viking x4  
  200  18:48  Command Center  
  200  19:15  Liberator  
  200  19:19  Command Center  
  200  19:40  Liberator x2  
  200  19:42  Liberator  
  199  19:59  Hellion x2  
  195  20:09  Thor  
  198  20:20  Terran Ship Weapons Level 3  
  193  20:23  Liberator  
  193  20:24  Liberator  
  180  21:25  Thor x2  
  180  21:29  Liberator x12  
  188  21:47  Thor  
  188  21:48  Thor  
  196  21:57  Hellion x2  
  200  22:05  Orbital Command  
  200  22:12  Liberator x5  
  194  22:20  Thor x2  
  194  22:21  Hellion x2  
  194  22:22  Hellion x4  
  198  22:31  Hellion  
  199  23:04  Thor x2  
  199  23:05  Orbital Command  
  200  23:22  Command Center  
  197  23:32  Thor  
  197  23:33  Hellion  
  199  23:38  Missile Turret, Refinery  
  199  23:39  Sensor Tower  
  180  24:19  Thor x2  
  180  24:20  Thor  
  180  24:21  Hellion  
  180  24:22  Hellion  
  196  24:37  Thor  
  171  25:06  Thor x3  
  177  25:11  Hellion x2  
  157  25:20  Thor x3  
  163  25:24  Hellion x2  
  161  25:32  Hellion x2, Liberator  
  162  25:45  Hellion x2  
  162  25:48  Thor  
  162  25:49  Thor x2  
  172  25:53  Hellion  
  172  25:54  Hellion  
  167  26:03  Thor x3  
  185  26:06  Hellion  
  185  26:07  Hellion, Refinery  
  185  26:09  Refinery  
  177  26:15  Hellion x2  
  163  26:18  Planetary Fortress  
  163  26:23  Liberator x3  
  151  26:28  Hellion x2  
  151  26:31  Thor  
  151  26:32  Hellion x2  
  151  26:36  Hellion x2  
  155  26:46  Hellion x3  
  170  26:49  Hellion x2  
  170  26:53  Hellion x2  
  178  26:58  Hellion x2  
  182  27:07  Hellion x3  
  188  27:11  Hellion x2  
  188  27:15  Hellion x3  
  198  27:19  Hellion  
  155  27:53  Hellion x2  
  144  27:59  Hellion x8  
  153  28:24  Command Center  
Tags
 
Add a new tag
Caveats
  • Supply blocks, unpowered buildings, or Contaminate may cause inaccurate times.
  • Supply counts are checked every 10 seconds.